 Dungeon Crawl Stone Soup version 0.32-a0-20-ge526923d97 (webtiles) character file.

Game seed: 17586460262582311562

34 miscthings the Changeling (level 3, -9/23 HPs)
             Began as an Octopode Shapeshifter on Jan 18, 2024.
             Killed by divine providence
             ... invoked by an orc priest
              (12 damage)
             ... on level 4 of the Dungeon.
             The game lasted 00:01:21 (720 turns).

miscthings the Changeling (Octopode Shapeshifter)    Turns: 720, Time: 00:01:21

Health: -9/23      AC:  1    Str: 13    XL:     3   Next: 31%
Magic:  3/3        EV: 13    Int: 12    God:
Gold:   94         SH:  0    Dex: 13    Spells: 2/2 levels left

rFire   . .          .
                       - Unarmed
rCold   . . .        (no shield)
rNeg    . . .        (helmet currently unavailable)
rPois   .            (no amulet)
rElec   .            (no ring)
rCorr   .            (no ring)
SInv    .            (no ring)
Will    .....        (no ring)
Stlth   ++           (no ring)
HPRegen 0.23/turn    (no ring)
MPRegen 0.08/turn    (no ring)
                     (no ring)

%: no passive effects
@: beast-form
A: beast (slay +2), almost no armour, amphibious, 8 rings, camouflage 1,
gelatinous body 1, (nimble swimmer 1), tentacles
a: Begin Untransformation


You were on level 4 of the Dungeon.
You were a hulking beast.
You visited 1 branch of the dungeon, and saw 3 of its levels.

You collected 94 gold pieces.

Inventory:

Talismans
 b - a beast talisman
 c - a flux talisman
Scrolls
 e - a scroll of teleportation {unknown}
 g - a scroll of silence
 h - a scroll of fog {unknown}
 i - a scroll of fear {unknown}
 l - a scroll of poison {unknown}
Potions
 a - a potion of lignification
 d - a potion of brilliance
 j - a potion of might {unknown}
 k - a potion of mutation {unknown}


   Skills:
 - Level 1.0 Fighting
 - Level 2.0 Dodging
 - Level 3.0 Unarmed Combat
 + Level 4.1 Shapeshifting


You had 2 spell levels left.
You didn't know any spells.
Your spell library was empty.

Dungeon Overview and Level Annotations

Branches:
Dungeon (4/15)
 Temple: D:4-7

Altars:


Innate Abilities, Weirdness & Mutations

You are a hulking beast.
Your limbs bulge with bestial killing power. (Slay +2)
You cannot wear most types of armour.
You are amphibious.
You can wear up to eight rings at the same time.
Your skin changes colour to match your surroundings (Stealth+).
Your rubbery body absorbs attacks. (AC +1, EV +1)
((You are camouflaged when in or above water. (Stealth+)))
You have tentacles for arms and can constrict up to eight enemies at once.


Message History

There is an entrance to a sewer on this level.
Hurry and find it before the portal rusts away!
Found a mace.
Found a stone staircase leading down.
No target in view!
An endoplasm comes into view.
An orc wizard comes into view. It is wielding a +0 dagger.
Found a sling.
An endoplasm, an orc and an orc priest come into view.
Found 9 gold pieces.
The orc shouts!
The orc priest shouts!
The orc throws a boomerang.
The boomerang hits you.
The endoplasm quivers.
An orc comes into view. It is wielding a +0 dagger.
The orc wizard shouts!
The endoplasm attacks as it pursues you!
The endoplasm completely misses you.
The endoplasm attacks as it pursues you!
The endoplasm misses you.
The orc priest casts a cantrip, but nothing happens.
The orc priest calls down the wrath of Beogh upon you.
Beogh smites you!
Ouch! That really hurt!
The endoplasm attacks as it pursues you!
The endoplasm barely misses you.
You tentacle-slap the endoplasm.
The endoplasm is moderately wounded.
The endoplasm freezes you.
You are frozen.
* * * LOW HITPOINT WARNING * * *
You tentacle-slap the endoplasm.
You kill the endoplasm!
As you read the scroll labelled QINWO HIEHEI, it crumbles to dust.
It is a scroll of identify.
g - a scroll of silence
As you read the scroll of identify {@r1}, it crumbles to dust.
d - a potion of brilliance
There is a stone staircase leading down here.
The orc priest calls down the wrath of Beogh upon you.
Beogh smites you!
Ouch! That really hurt!
You die...

## ##.### ###..#.#
#......#####
#.......o#.#######.. .
##.....##.....##...#..
#...h.##.....##...#..
###..................
#..........#........
#..........###......
#..........o#.......
####....o.#....)....
##.....J.###oo...
#........#..)...
##.......#...o.o


You could see an orc priest, an orc and an endoplasm (wandering).

Vanquished Creatures
  A dart slug (D:2)
  2 bats
  5 endoplasms
  3 giant cockroaches
  2 goblins (D:1)
  2 hobgoblins
  3 quokkas
  5 ball pythons
  2 frilled lizards (D:1)
  2 kobolds
  A rat (D:2)
28 creatures vanquished.

Notes
Turn   | Place    | Note
-------+----------+-------------------------------------------
     0 | D:1      | miscthings the Octopode Shapeshifter began the quest for
                  | the Orb.
     0 | D:1      | Reached XP level 1. HP: 13/13 MP: 1/1
   169 | D:1      | Reached XP level 2. HP: 12/18 MP: 2/2
   567 | D:2      | Found a faded altar of an unknown god.
   596 | D:2      | Reached XP level 3. HP: 23/23 MP: 3/3
   601 | D:2      | Reached skill level 4 in Shapeshifting
   693 | D:2      | You fall into a shaft and drop 2 floors!
   720 | D:4      | Killed from afar by an orc priest

Illustrated notes

Levels and vault maps discovered:
D:1:      psy_arrival_conway, layout_rooms,
          wander_ebering_terrifying_dragon_lair
D:2:      layout_basic, serial_forest, infiniplex_forest_end_3,
          infiniplex_forest_fountain, infiniplex_forest_corner_1,
          infiniplex_forest_lined_3, infiniplex_forest_lined_2,
          infiniplex_forest_end_2, infiniplex_forest_zigzag_1,
          infiniplex_forest_split, infiniplex_forest_corner_1,
          infiniplex_forest_end_2, ebering_ecumenical_altar_hall
D:4:      layout_cave_pools, minmay_temple_entry_arrows,
          cheibrodos_sewer_entry_sluice

Skill      XL: |  1  2  3 |
---------------+----------+-----
Shapeshifting  | 4 |  4.1
Fighting       | |  1.0
Dodging        | |  2.0
Unarmed Combat | |  3.0

Action                     || total
---------------------------++-------
  Melee: Unarmed           ||    51
         Constrict         ||     9
         Tentacles         ||     9
         Punch             ||     1
    Use: Scroll            ||     2
   Stab: Sleeping          ||     4
 Armour: Skin              ||    18
  Dodge: Dodged            ||    21

Table legend: (Time is in decaauts)
 A = Elapsed time spent in this place.
 B = Non-inter-level travel time spent in this place.
 C = Inter-level travel time spent in this place.
 D = Time resting spent in this place.
 E = Time spent auto-exploring this place.
 F = Levels seen in this place.
 G = Mean time per level.
                   A        B        C        D        E       F      G
               +--------+--------+--------+--------+--------+-----+--------+
         Total |    716 |    685 |     31 |      0 |    477 |   3 |  238.7 |
       Dungeon |    716 |    685 |     31 |      0 |    477 |   3 |  238.7 |
               +--------+--------+--------+--------+--------+-----+--------+

Top non-repeatable levels by time:
     D:1: 538 daAuts
     D:2: 151 daAuts
     D:4: 26 daAuts
